 Dungeon Crawl Stone Soup version 0.27.1-4-g1640c2035a (webtiles) character file.

Game seed: 776824287077497394

6 tizbic2 the Vexing (level 1, -1/15 HPs)
             Began as a Demonspawn Arcane Marksman on Nov 14, 2021.
             Slain by a goblin (3 damage)
             ... on level 1 of the Dungeon.
             The game lasted 00:02:02 (594 turns).

tizbic2 the Vexing (Demonspawn Arcane Marksman)      Turns: 594, Time: 00:02:03

Health: -1/15      AC:  2    Str: 10    XL:     1   Next: 75%
Magic:  0/2        EV:  9    Int: 14    God:
Gold:   10         SH:  0    Dex: 13    Spells: 1/2 levels left

rFire    . . .     SeeInvis .   d - +0 club
rCold    . . .     Faith    .   (no shield)
rNeg     . . .     Spirit   .   a - +0 robe
rPois    .         Reflect  .   (no helmet)
rElec    .         Harm     .   (no cloak)
rCorr    .         Rampage  .   (no gloves)
Will     .....                  (no boots)
Stlth    +.........             (no amulet)
HPRegen  0.05/turn              (no ring)
MPRegen  0.08/turn              (no ring)

@: very slightly contaminated, constricted
A: no striking features
a: no special abilities


You were on level 1 of the Dungeon.
You visited 1 branch of the dungeon, and saw 1 of its levels.

You collected 10 gold pieces.

Inventory:

Hand Weapons
 d - a +0 club (weapon)
Missiles
 b - 5 javelins
 c - 2 throwing nets
 f - 15 stones (quivered)
Armour
 a - a +0 robe (worn)
Potions
 e - 2 potions of haste {unknown}


   Skills:
 + Level 1.1 Fighting
 * Level 1.9 Throwing
 * Level 1.9 Dodging
 + Level 1.0 Spellcasting
 * Level 3.1 Hexes


You had one spell level left.
You knew the following spells:

 Your Spells              Type           Power      Damage    Failure   Level
a - Corona                Hex            10%        N/A       8%          1

Your spell library contained the following spells:

 Spells                   Type           Power      Damage    Failure   Level
 Slow                     Hex            9%         N/A       11%         2
 Inner Flame              Hex/Fire       5%         N/A       38%         3
 Portal Projectile        Hex/Tloc       10%        N/A       38%         3
 Cause Fear               Hex            4%         N/A       58%         4


Dungeon Overview and Level Annotations

Branches:
Dungeon (1/15)

Altars:


Message History

Press: ? - help, Q - select action, (/) - cycle Shift-Dir - straight line, f/p - goblin
Aim: a goblin, wielding a +0 club (47% to hit)
You throw a stone.
The stone hits the goblin but does no damage.
Throw: 16 stones
Press: ? - help, Q - select action, (/) - cycle Shift-Dir - straight line, f/p - goblin
Aim: a goblin, wielding a +0 club (47% to hit)
You throw a stone.
The stone barely misses the ball python.
The stone closely misses the goblin.
The ball python bites you. The ball python barely misses you.
The ball python closely misses you. The ball python grabs you.
The ball python constricts you.
The ball python's grasp on you weakens, but your attempt to escape fails.
The ball python bites you. The ball python constricts you.
You escape the ball python's grasp.
You hit the ball python but do no damage.
The ball python bites you. The ball python closely misses you.
Casting: Corona (safe; 8% risk of failure)
Confirm with . or Enter, or press ? or * to list all spells.
Aiming: Corona (safe; 8% risk of failure)
Press: ? - help, Shift-Dir - straight line, f/p - goblin
Aim: a goblin, wielding a +0 club (chance to affect: 62%)
The ball python struggles to resist.
The ball python bites you. The ball python grabs you.
The ball python constricts you.
You barely miss the ball python. The ball python bites you.
The ball python constricts you. The ball python misses you.
The ball python constricts you. The goblin hits you with a +0 club.
* * * LOW HITPOINT WARNING * * *
Casting: Corona (safe; 8% risk of failure)
Confirm with . or Enter, or press ? or * to list all spells.
Aiming: Corona (safe; 8% risk of failure)
Press: ? - help, Shift-Dir - straight line, f/p - goblin
Aim: a goblin, wielding a +0 club (chance to affect: 62%)
You miscast Corona.
You are very lightly contaminated with residual magic.
Nothing appears to happen.
The ball python bites you.
* * * LOW HITPOINT WARNING * * *
The ball python constricts you. The goblin hits you with a +0 club.
You die...

### ##########
#...###..##....##########
.##..#...#...............#
......#.g.)..#####.....###
#.....S@####...####.....
...#....###.........###'##
.......g+......⌠....÷÷'.'.
...##...###.........###'##
.. ...... ####...####.....
# ..(.... #####....#...
#......... .....##..#..
(..###.#.. .... #..#...
(.# ## ... #.. #.###..


You could see a goblin and a ball python.

Vanquished Creatures
  2 goblins (D:1)
  A kobold (D:1)
  A ball python (D:1)
  A frilled lizard (D:1)
  A rat (D:1)
6 creatures vanquished.

Notes
Turn   | Place    | Note
-------+----------+-------------------------------------------
     0 | D:1      | tizbic2 the Demonspawn Arcane Marksman began the quest for
                  | the Orb.
     0 | D:1      | Reached XP level 1. HP: 15/15 MP: 2/2
   594 | D:1      | Slain by a goblin

Illustrated notes

Levels and vault maps discovered:
D:1:      elethiomel_arrival_infinity_welcomes_careful_drivers,
          layout_loops_cross, ebering_ecumenical_altar_webs, minmay_tromino_v4_b

Action                   || total
-------------------------++-------
Melee: Club              ||    19
       Unarmed           ||     5
Throw: Stone             ||     3
       Javelin           ||     1
 Cast: Corona            ||     3
Armor: Robe              ||     4
Dodge: Dodged            ||    16
